 Dungeon Crawl Stone Soup version 0.23-a0-4-g8f018a2 (webtiles) character file.

30 prawnwizard the Ruffian (level 3, -1/28 HPs)
             Began as a Demonspawn Gladiator on July 31, 2018.
             Killed from afar by Natasha (9 damage)
             ... with a wand of flame (17)
             ... on level 2 of the Dungeon.
             The game lasted 00:01:17 (976 turns).

prawnwizard the Ruffian (Demonspawn Gladiator)       Turns: 976, Time: 00:01:17

Health: -1/28      AC:  4    Str: 15    XL:     3   Next: 3%
Magic:  3/3        EV: 13    Int:  9    God:
Gold:   44         SH:  4    Dex: 14    Spells: 2/2 levels left

rFire    . . .     SeeInvis .     - Unarmed
rCold    . . .     Gourm    .   (no shield)
rNeg     . . .     Faith    .   a - +0 leather armour
rPois    .         Spirit   .   b - +0 helmet
rElec    .         Reflect  .   (no cloak)
rCorr    .         Harm     .   (no gloves)
MR       .....                  (no boots)
Stlth    +.........             (no amulet)
HPRegen  0.09/turn              (no ring)
MPRegen  0.08/turn              (no ring)

@: no status effects
A: hooves 1, large bone plates 1
a: no special abilities


You were on level 2 of the Dungeon.
You were not hungry.

You visited 1 branch of the dungeon, and saw 2 of its levels.

You collected 44 gold pieces.

Inventory:

Missiles
 c - 3 throwing nets (quivered)
Armour
 a - a +0 leather armour (worn)
 b - a +0 helmet (worn)
 h - a +0 chain mail
Wands
 j - a wand of flame (41)
Scrolls
 e - 4 scrolls of blinking {unknown}
 g - a scroll of identify {unknown}
Potions
 i - a potion of agility {unknown}
 k - a potion of flight {unknown}
Comestibles
 d - 5 rations
 f - a chunk of flesh


   Skills:
 + Level 2.4 Fighting
 - Level 1.7 Throwing
 + Level 3.0 Dodging
 * Level 3.3 Unarmed Combat


You had 2 spell levels left.
You didn't know any spells.
Your spell library was empty.

Dungeon Overview and Level Annotations

Branches:
Dungeon (2/15)

Altars:

Annotations:
D:2 Natasha


Innate Abilities, Weirdness & Mutations

You have large cloven feet.
You are partially covered in large bone plates. (SH +4)


Message History

You are too injured to fight recklessly!
You are too injured to fight recklessly!
You are too injured to fight recklessly!
You are too injured to fight recklessly!
You are too injured to fight recklessly!
You are too injured to fight recklessly!
You are too injured to fight recklessly!
You are too injured to fight recklessly!
You are too injured to fight recklessly!
You are too injured to fight recklessly!
You are too injured to fight recklessly!
Unknown command.
You closely miss Natasha. Your kick misses Natasha.
Natasha is lightly wounded.
Natasha claws you.
* * * LOW HITPOINT WARNING * * *
You hit Natasha.
Natasha is moderately wounded.
The rat barely misses you.
Natasha zaps a wand.
The puff of flame hits you!
You die...

#.##).#...# #..
..#.#.).... ###..
##......... ......
#### ##.#...... ......
... .#...#.#...#
...#.%##.# .#.#
#.#...#
(......#.###.#.#
#.##.##
......h......#.# ...#
......r@....##.# #..#
#..##.##.##.##.# #..#
.........#.##.# #<.#
.%.###......#.#####..#
... #...#.......##..##
#.
###..##.##.#...#.).. #
....###.##.#...#.###
..........#.......#
########....(.....#


You could see Natasha and a rat.

Vanquished Creatures
  2 oozes (D:1)
  A dart slug (D:1)
  A giant cockroach (D:1)
  3 goblins
  A hobgoblin (D:1)
  4 kobolds
  A ball python (D:1)
  2 bats
  A frilled lizard (D:1)
  3 rats (D:1)
19 creatures vanquished.

Notes
Turn   | Place    | Note
-------+----------+-------------------------------------------
     0 | D:1      | prawnwizard the Demonspawn Gladiator began the quest for the Orb.
     0 | D:1      | Reached XP level 1. HP: 16/16 MP: 1/1
   259 | D:1      | Gained mutation: You have large cloven feet. [demonic ancestry]
   259 | D:1      | Reached XP level 2. HP: 10/22 MP: 2/2
   932 | D:2      | Gained mutation: You are partially covered in large bone plates. (SH +4) [demonic ancestry]
   932 | D:2      | Reached XP level 3. HP: 22/28 MP: 3/3
   969 | D:2      | Noticed Natasha
   976 | D:2      | Killed from afar by Natasha

Vault maps used:
D:1:      lightli_arrival_statuegarden
D:2:      lemuel_blue_sif_altar, kennysheep_doodads, minmay_pentomino_u4,
          uniq_sigmund, uniq_natasha

Skill      XL: |  1  2 |
---------------+-------+-----
Unarmed Combat | 3 |  3.3
Dodging        | 3 |  3.0
Fighting       | |  2.4
Throwing       | |  1.7

Action                   || total
-------------------------++-------
Melee: Unarmed           ||    77
       Kick              ||    13
       Punch             ||     1
Armor: Leather armour    ||    34
Dodge: Dodged            ||    59

Table legend:
 A = Spawn XP
 B = Non-spawn XP
 C = Spawn XP percentage of total XP
 D = Spawn monster count
 E = Non-spawn monster count
 F = Spawn count percentage of total count
 G = Total turns spent on level
                    A         B        C        D         E        F      G
               +---------+---------+-------+---------+---------+-------+---------
         Total |       0 |      43 |   0.0 |       0 |      19 |   0.0 |   976
               +---------+---------+-------+---------+---------+-------+---------
           D:1 |       0 |      36 |   0.0 |       0 |      15 |   0.0 |   907
           D:2 |       0 |       7 |   0.0 |       0 |       4 |   0.0 |    69
               +---------+---------+-------+---------+---------+-------+---------
